 Dungeon Crawl Stone Soup version 0.18-a0-1116-g1750dec (console) character file.

577 FIQ the Chopper (level 7, -1/61 HPs)
             Began as a Hill Orc Fighter on Jan 17, 2016.
             Was an Initiate of Beogh.
             Killed from afar by an orc wizard (8 damage)
             ... with a magic dart
             ... on level 4 of the Dungeon.
             The game lasted 00:04:50 (2554 turns).

FIQ the Chopper (Hill Orc Fighter)                  Turns: 2554, Time: 00:04:50

Health: -1/61      AC: 17    Str: 24    XL:     7   Next: 35%
Magic:  7/7        EV:  2    Int:  8    God:    Beogh [......]
Gold:   138        SH: 10    Dex: 12    Spells: 0 memorised, 6 levels left

rFire  . . .     SeeInvis .     a - +0 war axe
rCold  . . .     Gourm    .     s - +0 crystal plate armour
rNeg   . . .     Faith    .     c - +0 shield
rPois  .         Spirit   .     (no helmet)
rElec  .         Dismiss  .     (no cloak)
rCorr  .         Reflect  .     (no gloves)
SustAt .         Harm     .     (no boots)
MR     .....                    (no amulet)
Stlth  ..........               (no ring)
                                (no ring)

@: mighty, not resistant to hostile enchantments, extremely unstealthy
A: no striking features
a: Renounce Religion


You were on level 4 of the Dungeon.
You worshipped Beogh.
Beogh was noncommittal.
You were near starving.

You visited 1 branch of the dungeon, and saw 4 of its levels.

You collected 138 gold pieces.

Inventory:

Hand Weapons
 a - a +0 war axe (weapon)
Armour
 c - a +0 shield (worn)
 s - a +0 crystal plate armour (worn)
Wands
 r - a wand of paralysis (11/24)
Scrolls
 b - a scroll of noise {unknown}
 e - 2 scrolls of random uselessness {unknown}
 k - a scroll of blinking {unknown}
 l - 8 scrolls of identify {unknown}
 n - a scroll of fear {unknown}
 q - a scroll of teleportation {unknown}
 t - a scroll of fog {unknown}
 u - a scroll of enchant weapon {unknown}
Potions
 d - 2 potions of might
 j - a potion of flight
 p - a potion of brilliance
Books
 o - a book of the Tempests

   Spells                             Type                      Level
   a - Static Discharge               Conjuration/Air              3
   b - Lightning Bolt                 Conjuration/Air              5
   c - Fireball                       Conjuration/Fire             5
   d - Tornado                        Air                          9
   e - Shatter                        Earth                        9
Comestibles
 f - 4 bread rations
 h - 2 beef jerkies
 i - 3 meat rations


   Skills:
 + Level 5.4 Fighting
 * Level 6.7 Axes
 + Level 5.0 Armour
 + Level 5.0 Shields


You had 6 spell levels left.
You didn't know any spells.

Dungeon Overview and Level Annotations

Branches:
Dungeon (4/15)
 Temple: D:4-7

Altars:
Elyvilon
Okawaru
Ru
Yredelemnul


Message History

You slash the ogre!
You kill the ogre!
Beogh accepts your kill.
Your Armour skill increases to level 5!
Your Shields skill increases to level 5!
An orc and an orc wizard come into view.
The orc wizard shouts!
The orc shouts!
A kobold comes into view. It is wielding a club.
You see here a giant club.
There isn't anything to butcher here.
Items here: ( ))) ††† 2 stones; a club x3 a kobold corpse x3
You see here 3 stones.
You see here a robe.
The orc wizard gestures at you while chanting.
You resist with some effort.
The orc wizard gestures at you while chanting.
The magic dart hits you!
You die...
Beogh appreciates the orc wizard's killing of a heretic priest.

........................((((((...
.≈..≈≈≈.≈≈≈≈≈.≈≈..≈≈....≈(..≈≈.≈≈
≈≈≈≈≈≈≈≈≈≈≈≈≈≈≈≈≈≈≈.....≈≈≈≈≈≈≈≈≈
≈≈≈≈≈≈≈≈≈≈≈≈≈≈≈≈≈≈≈≈....≈≈≈≈≈≈≈≈≈
≈≈≈≈≈≈≈≈≈≈≈≈≈≈≈≈≈≈≈≈.....≈≈≈≈≈≈≈≈
#####################''##########
##.....#..o..K #.)(.#
##......'.o.... #.).)#
#......o#########..(.##
#......(((.....#......#
+.......().[.@.'......+
#..............#......#
#.......#########....## ##......'
#....# ##.....# #.$..# #######
######


You could see an orc wizard.

Vanquished Creatures
  Sigmund (D:3)
  An ogre (D:4)
  A crimson imp (D:4)
  2 orc priests (D:4)
  3 worker ants
  6 adders
  An ooze (D:2)
  2 worms (D:2)
  10 orcs
  5 giant cockroaches
  6 goblins
  4 hobgoblins
  6 jackals
  21 kobolds
  2 quokkas
  12 bats
  3 giant newts
  15 rats
101 creatures vanquished.

Notes
Turn   | Place    | Note
--------------------------------------------------------------
     0 | D:1      | FIQ the Hill Orc Fighter began the quest for the Orb.
     0 | D:1      | Reached XP level 1. HP: 19/19 MP: 1/1
   128 | D:1      | Reached XP level 2. HP: 21/27 MP: 2/2
   517 | D:1      | Reached XP level 3. HP: 29/33 MP: 3/3
   611 | D:2      | Reached skill level 4 in Fighting
   719 | D:2      | Reached XP level 4. HP: 21/40 MP: 4/4
  1102 | D:3      | Found an iron altar of Okawaru.
  1117 | D:3      | Reached XP level 5. HP: 30/47 MP: 5/5
  1448 | D:3      | Noticed Sigmund
  1449 | D:3      | Found a basalt altar of Yredelemnul.
  1461 | D:3      | Killed Sigmund
  1461 | D:3      | Reached skill level 5 in Axes
  1461 | D:3      | Reached XP level 6. HP: 55/55 MP: 6/6
  1641 | D:3      | Reached skill level 5 in Fighting
  1663 | D:3      | Found a white marble altar of Elyvilon.
  1751 | D:4      | Became a worshipper of Beogh the Brigand
  1882 | D:4      | Reached skill level 6 in Axes
  1953 | D:4      | Reached XP level 7. HP: 33/61 MP: 7/7
  2267 | D:4      | Found a sacrificial altar of Ru.
  2547 | D:4      | Reached skill level 5 in Armour
  2547 | D:4      | Reached skill level 5 in Shields
  2554 | D:4      | Killed from afar by an orc wizard

Vault maps used:
D:1:      scummos_arrival_hexagon, kennysheep_minor_cross, minivault_23
D:2:      first_bread
D:3:      kennysheep_ying_yang, okawaru_trees_2, uniq_sigmund
D:4:      minmay_goblin_kobold_castle, nicolae_ru_the_path_less_chosen

Action                   |  1- 3 |  4- 6 |  7- 9 || total
-------------------------+-------+-------+-------++-------
Melee: War axe           |   128 |   197 |    49 ||   374
Invok: Convert to Beogh  |       |     1 |       ||     1
  Use: Potion            |       |     3 |     1 ||     4
  Eat: Chunk             |       |     3 |       ||     3
       Beef jerky        |       |       |     1 ||     1
